 Dungeon Crawl Stone Soup version 0.21-a0-265-gb353147 (console) character file.

316 removed the Ducker (level 6, -20/47 HPs)
             Began as a Human Wanderer on Sept 12, 2017.
             Demolished by an ogre
             ... wielding a +0 giant club
              (24 damage)
             ... on level 3 of the Dungeon.
             The game lasted 00:09:12 (3699 turns).

removed the Ducker (Human Wanderer)                 Turns: 3699, Time: 00:09:12

Health: -20/47     AC:  5    Str: 12 (13) XL:     6   Next: 73%
Magic:  6/6        EV: 14    Int: 11 (12) God:
Gold:   88         SH:  0    Dex: 13 (14) Spells: 5/5 levels left

rFire    . . .     SeeInvis +   a - +0 whip (freeze)
rCold    + . .     Gourm    +   (no shield)
rNeg     . . .     Faith    .   g - +0 leather armour
rPois    .         Spirit   .   q - +0 helmet
rElec    .         Reflect  .   (no cloak)
rCorr    .         Harm     .   (no gloves)
MR       .....                  s - +0 pair of boots
Stlth    ++........             z - amulet of the gourmand
HPRegen  0.15/turn              o - ring of protection from cold
MPRegen  0.10/turn              t - ring of see invisible

@: no status effects
A: no striking features
a: no special abilities


You were on level 3 of the Dungeon.
You were full.

You visited 1 branch of the dungeon, and saw 3 of its levels.

You collected 88 gold pieces.

Inventory:

Hand Weapons
 a - a +0 whip of freezing (weapon)
 d - a +0 dagger
 k - a +0 mace
 A - a +0 short sword
 C - a +0 scythe of slicing
Missiles
 b - 2 throwing nets (quivered)
Armour
 g - a +0 leather armour (worn)
 q - a +0 helmet (worn)
 s - a +0 pair of boots (worn)
Jewellery
 o - a ring of protection from cold (left hand)
 t - a ring of see invisible (right hand)
 z - an amulet of the gourmand (around neck)
Scrolls
 i - a scroll of enchant weapon {unknown}
 l - a scroll of identify
 x - a scroll of enchant armour {unknown}
 y - a scroll of fog {unknown}
Potions
 j - a potion of haste
 D - a potion of agility
 E - a potion of heal wounds
Comestibles
 f - a bread ration
 v - 3 meat rations


   Skills:
 - Level 3.3 Fighting
   Level 1.0 Long Blades
   Level 1.0 Crossbows
 - Level 1.0 Armour
 + Level 5.7 Dodging
 - Level 3.0 Stealth
   Level 1.0 Evocations


You had 5 spell levels left.
You didn't know any spells.

Dungeon Overview and Level Annotations

Branches:
Dungeon (3/15)

Altars:


Message History

You hit the ogre. You freeze the ogre.
The ogre is moderately wounded.
The ogre hits you with a giant club!
You completely miss the ogre.
The ogre is moderately wounded.
The ogre closely misses you.
You hit the ogre. You freeze the ogre.
The ogre is heavily wounded.
The ogre hits you with a giant club!!
* * * LOW HITPOINT WARNING * * *
You are too injured to fight recklessly!
You hit the ogre. You freeze the ogre.
The ogre is severely wounded.
The ogre closely misses you.
You are too injured to fight recklessly!
You hit the ogre. You freeze the ogre.
The ogre is severely wounded.
The ogre hits you with a giant club!!
Ouch! That really hurt!
You die...

..... .... ...###..#
#..#....# #..#.##.#
#..#.##.## #.....#..#
#.##.....######.
#.###.##........
#@..#.###.#####.
..$...O!..#.# #.#...#
.####.#####.###...#.#
#.#...........#.# #
#.###.####..#.#
#.........#.#.#
######...<....#
#######..# .........#


You could see an ogre.

Vanquished Creatures
  Sigmund (D:2)
  Natasha (thrice) (D:1)
  An adder (D:3)
  An ooze (D:1)
  A dart slug (D:2)
  2 leopard geckos
  2 giant cockroaches
  7 hobgoblins
  4 jackals (D:2)
  3 ball pythons
  9 bats
  4 frilled lizards
  8 goblins
  5 kobolds (D:1)
  4 rats
55 creatures vanquished.

Vanquished Creatures (others)
  4 toadstools (D:1)
4 creatures vanquished.

Grand Total: 59 creatures vanquished

Notes
Turn   | Place    | Note
-------+----------+-------------------------------------------
     0 | D:1      | removed the Human Wanderer began the quest for the Orb.
     0 | D:1      | removed set off with: a +0 leather armour, 2 throwing nets, 2 potions of lignification, a +0 dagger, a bread ration
     0 | D:1      | Reached XP level 1. HP: 16/16 MP: 1/1
   275 | D:1      | Reached XP level 2. HP: 16/22 MP: 2/2
   792 | D:1      | Reached XP level 3. HP: 23/29 MP: 3/3
  1595 | D:2      | Reached skill level 2 in Dodging
  1714 | D:2      | Reached XP level 4. HP: 24/35 MP: 4/4
  2063 | D:2      | Noticed Natasha
  2063 | D:2      | Noticed Sigmund
  2099 | D:1      | Killed Natasha
  2099 | D:1      | Reached skill level 3 in Dodging
  2794 | D:1      | Noticed Natasha
  2820 | D:1      | HP: 1/52 [Natasha (4)]
  2822 | D:1      | Killed Natasha
  2822 | D:1      | Reached XP level 5. HP: 32/41 MP: 5/5
  2880 | D:1      | Noticed Natasha
  2993 | D:1      | HP: 2/41 [Natasha (6)]
  2997 | D:1      | Killed Natasha
  3241 | D:2      | Killed Sigmund
  3241 | D:2      | Reached skill level 5 in Dodging
  3241 | D:2      | Reached XP level 6. HP: 24/47 MP: 6/6
  3688 | D:3      | Noticed an ogre
  3699 | D:3      | Demolished by an ogre

Vault maps used:
D:1:      ldierk_walled_garden_2, kennysheep_minor_cross
D:2:      uniq_natasha, uniq_sigmund
D:3:      lemuel_doored_altar

Skill      XL: |  1  2  3  4  5 |
---------------+----------------+-----
Fighting       | 3 |  3.3
Dodging        | 2 3 5 |  5.7
Long Blades    | |  1.0
Crossbows      | |  1.0
Armour         | |  1.0
Stealth        | |  3.0
Evocations     | |  1.0

Action                   |  1- 3 |  4- 6 || total
-------------------------+-------+-------++-------
Melee: Short sword       |   133 |    22 ||   155
       Dagger            |    14 |       ||    14
       Whip              |       |    85 ||    85
  Use: Potion            |       |     8 ||     8
       Scroll            |       |     3 ||     3
 Stab: Sleeping          |     4 |       ||     4
       Distracted        |     1 |       ||     1
  Eat: Chunk             |     3 |    15 ||    18
Armor: Leather armour    |    39 |    41 ||    80
       Skin              |       |    11 ||    11
Dodge: Dodged            |    79 |    95 ||   174

Table legend:
 A = Spawn XP
 B = Non-spawn XP
 C = Spawn XP percentage of total XP
 D = Spawn monster count
 E = Non-spawn monster count
 F = Spawn count percentage of total count
 G = Total turns spent on level
                    A         B        C        D         E        F      G
               +---------+---------+-------+---------+---------+-------+---------
         Total |       0 |     452 |   0.0 |       0 |      55 |   0.0 |  3699
               +---------+---------+-------+---------+---------+-------+---------
           D:1 |       0 |     160 |   0.0 |       0 |      32 |   0.0 |  2673
           D:2 |       0 |     279 |   0.0 |       0 |      22 |   0.0 |   980
           D:3 |       0 |      13 |   0.0 |       0 |       1 |   0.0 |    46
               +---------+---------+-------+---------+---------+-------+---------
